Arrhythmia, chaotic female vampiric Convict --- |.| .. |.| -.. ----|.| ---- -.. |..-|.| | ... --....---...|.----- .| .. |.........(-|........| .. -- --...<.[)%........| -.--- -- |.-- |.---- | --...| --- --)| --.--.--- |..| |...|...--- |.[--- |.........| --....| |.........-- --.....| --.........| |......| ---.....@.-----......-- | |.......@@.............| |..|.---------.--------- ------ --- Arrhythmia the Jail-bird Experience level: 8 Strength: 16 Dexterity: 11 Constitution: 20 Intelligence: 11 Wisdom: 8 Charisma: 9 Health: 0(94) Energy: 43(43) AC: -3 Gold: 886 Moves: 2844 Your Inventory: Coins $ - 886 gold pieces Amulets d - an uncursed amulet of ESP Weapons u - an [uncursed +0] broad pick [dwarvish mattock] Armor o - an [uncursed] +1 hard hat [dwarvish iron helm] (being worn) s - an [uncursed] +0 robe (being worn) t - an [uncursed] +0 pair of hard shoes [iron] (being worn) w - an [uncursed] +0 dwarvish mithril-coat (being worn) x - an [uncursed] +0 elven cloak Scrolls q - an [uncursed] scroll of teleportation B - a [cursed] scroll labeled KIRJE [of create monster] Potions f - an [uncursed] clear potion [of water] v - an uncursed potion of sickness y - an uncursed potion of healing Wands k - an [uncursed] wand of light [0:10] m - an [uncursed] wand called Cancellation [of cancellation (0:3)] Tools p - an [uncursed] towel Spells known in the end: Name Level Category Fail Memory Your skills at the end: Fighting Skills Weapon Skills sling [Basic / Skilled] Spellcasting Skills Final Attributes: You had sinned. Hunger level was 147. Your alignment was -7 / 24. Monster difficulty range was 1 - 7. Level difficulty was 6. You were immune to poison. You were immune to level-drain. You were immune to sickness. You could fly. You could survive without air. You regenerated. Your luck was zero. You are dead. Vanquished creatures: a small mimic 2 watchmen a gnome king a gold golem a dingo a rock mole a shrieker 2 gnome lords a straw golem a floating eye 7 dwarves 6 hill orcs a rabid rat a centipede 2 giant bats 4 dwarf zombies 2 acid blobs 2 hobbits a large kobold 4 giant rats a green mold 27 gnomes 2 geckos 3 jackals a fox 2 kobolds 2 lichens 6 newts 86 creatures vanquished. Voluntary challenges: You went without food. You never hit with a wielded weapon. You read items or engraved 4 times. You put on armor 12 times. You never genocided any monsters. You never polymorphed an object. You never changed form. You used no wishes. You abstained from Elbereth's help. You never encountered a bones level. You never used any Sokoban shortcuts. Dungeon overview: The Dungeons of Doom: levels 1 to 3 Level 1 an altar, some fountains a long staircase Level 2 an armor shop, a fountain, a sink Level 3 stairs to The Gnomish Mines The Gnomish Mines: levels 4 to 6 Level 4 stairs to The Dungeons of Doom Level 6 <- You were here History has recorded: On T:1 you entered the Dungeons of Doom to retrieve the Amulet of Yendor! On T:267 you reached level 2 of The Dungeons of Doom. On T:675 you advanced to experience level 2. On T:839 you advanced to experience level 3. On T:938 you advanced to experience level 4. On T:1019 you reached level 3 of The Dungeons of Doom. On T:1120 you reached level 1 of The Gnomish Mines. On T:1139 you advanced to experience level 5. On T:1217 you advanced to experience level 6. On T:1739 you reached level 2 of The Gnomish Mines. On T:1789 you reached level 3 of The Gnomish Mines. On T:1944 you advanced to experience level 7. On T:2793 you advanced to experience level 8. Latest messages: The watch captain hits! [HP-34=60] [HP+1=61] You are beginning to feel hungry. [HP+1=62] [HP+1=63] [HP+1=64] The watch captain swings her silver saber. The silver sears your flesh! The watch captain hits! The watch captain swings her silver saber. The silver sears your flesh! The watch captain hits! [HP-43=21] [HP+1=22] The watch captain wields a silver saber! [HP+1=23] [HP+1=24] You miss the watch captain. (2x) The watch captain swings his silver saber. The silver sears your flesh! The watch captain hits! You die... Final status: Goodbye Arrhythmia the Convict... You died in The Gnomish Mines on dungeon level 6 with 4188 points, and 886 pieces of gold, after 2844 moves. You were level 8 with a maximum of 94 hit points when you died.